 Dungeon Crawl Stone Soup version 0.21.1-1-g345015f (webtiles) character file.

858 Kagorn the Chopper (level 8, -1/73 HPs)
             Began as a Hill Orc Fighter on June 23, 2018.
             Was an Initiate of Beogh.
             Slain by Duvessa
             ... wielding a +0 short sword
              (5 damage)
             ... on level 4 of the Dungeon.
             The game lasted 00:14:46 (3172 turns).

Kagorn the Chopper (Hill Orc Fighter)               Turns: 3172, Time: 00:14:46

Health: -1/73      AC: 10    Str: 21    XL:     8   Next: 2%
Magic:  8/8        EV:  7    Int:  8    God:    Beogh [......]
Gold:   124        SH: 10    Dex: 10    Spells: 7/7 levels left

rFire    . . .     SeeInvis .   i - +2 hand axe (chop)
rCold    . . .     Gourm    .   c - +0 shield
rNeg     . . .     Faith    .   b - +0 scale mail
rPois    .         Spirit   .   g - +2 hat
rElec    .         Reflect  .   (no cloak)
rCorr    .         Harm     .   o - +0 pair of gloves
MR       .....                  (no boots)
Stlth    ..........             (no amulet)
HPRegen  0.22/turn              (no ring)
MPRegen  0.11/turn              (no ring)

@: glowing
A: no striking features
a: Renounce Religion


You were on level 4 of the Dungeon.
You worshipped Beogh.
Beogh was noncommittal.
You were not hungry.

You visited 1 branch of the dungeon, and saw 4 of its levels.

You collected 124 gold pieces.

Inventory:

Hand Weapons
 a - a +0 war axe
 h - a cursed +0 dagger
 i - a +2 hand axe of chopping (weapon)
 k - a +3 dagger of speed
Armour
 b - a +0 scale mail (worn)
 c - a +0 shield (worn)
 g - a +2 hat (worn)
 o - a +0 pair of gloves (worn)
Wands
 v - a wand of flame (15)
Scrolls
 e - 3 scrolls of identify {unknown}
 f - a scroll of amnesia {unknown}
 j - 3 scrolls of teleportation {unknown}
 m - 4 scrolls of blinking {unknown}
 p - 3 scrolls of remove curse {unknown}
 q - a scroll of fear {unknown}
 r - a scroll of enchant armour {unknown}
 u - 2 scrolls of magic mapping {unknown}
Potions
 d - a potion of might
 l - a potion of berserk rage


   Skills:
 * Level 7.0 Fighting
 * Level 7.2 Axes
 + Level 5.0 Armour
 + Level 5.0 Shields


You had 7 spell levels left.
You didn't know any spells.

Dungeon Overview and Level Annotations

Branches:
Dungeon (4/15)
 Temple: D:4-7

Altars:
Qazlal

Annotations:
D:4 Duvessa


Message History

You hit Duvessa but do no damage.
Duvessa is heavily wounded.
Duvessa hits you with a short sword.
* * * LOW HITPOINT WARNING * * *
You block Duvessa's attack.
You hit Duvessa but do no damage.
Duvessa is heavily wounded.
Duvessa hits you with a short sword.
* * * LOW HITPOINT WARNING * * *
You hit Duvessa.
Duvessa is heavily wounded.
Duvessa hits you with a short sword.
* * * LOW HITPOINT WARNING * * *
Duvessa barely misses you.
You hit Duvessa.
Duvessa is heavily wounded.
Duvessa hits you with a short sword!
* * * LOW HITPOINT WARNING * * *
Duvessa hits you with a short sword.
You die...

o.#
#.†..#))).).......#
..#
...####..#.).......#
.o. ##
#...##†........# .o.
....#.##.........#
..####.#....#######
. #...####
......#..#
....####.# ### #@#
#.)e......# ###
#.........# ..###
...........# ....#
..#.........# #<#.#
#.###.######## #.# #
=.. #[ #.. .# #.
....


You could see Duvessa (berserk).

Vanquished Creatures
  The ghost of Merlin the Cudgeler, an amateur DsCK of Xom (D:3)
  A sky beast (D:4)
  An ogre (D:4)
  2 scorpions (D:4)
  Dowan (D:4)
  A hound (D:4)
  A centaur skeleton (D:4)
  An orc priest (D:4)
  3 orc wizards (D:3)
  2 worker ants (D:4)
  8 adders
  4 worms
  2 dart slugs
  3 leopard geckos
  21 orcs
  A ball python (D:2)
  4 giant cockroaches
  6 goblins
  9 hobgoblins
  3 jackals (D:2)
  2 kobolds
  2 quokkas
  7 bats
  5 frilled lizards
  8 rats
99 creatures vanquished.

Vanquished Creatures (others)
  An orc priest (D:4)
  An orc wizard (D:4)
  A leopard gecko (D:4)
  5 orcs (D:4)
  2 giant cockroaches (D:4)
10 creatures vanquished.

Grand Total: 109 creatures vanquished

Notes
Turn   | Place    | Note
-------+----------+-------------------------------------------
     0 | D:1      | Kagorn the Hill Orc Fighter began the quest for the Orb.
     0 | D:1      | Reached XP level 1. HP: 19/19 MP: 1/1
   140 | D:1      | Reached XP level 2. HP: 24/27 MP: 2/2
   503 | D:2      | Reached XP level 3. HP: 7/33 MP: 3/3
   930 | D:2      | Found a stormy altar of Qazlal.
  1190 | D:2      | Reached XP level 4. HP: 41/41 MP: 4/4
  1921 | D:3      | Noticed Merlin's ghost (amateur DsCK)
  1950 | D:3      | Killed Merlin's ghost
  1950 | D:3      | Reached skill level 5 in Fighting
  1950 | D:3      | Reached skill level 5 in Axes
  1950 | D:3      | Reached XP level 5. HP: 34/48 MP: 5/5
  1950 | D:3      | Reached XP level 6. HP: 40/56 MP: 6/6
  2670 | D:4      | Reached XP level 7. HP: 39/63 MP: 7/7
  2945 | D:4      | Became a worshipper of Beogh the Brigand
  3051 | D:4      | Reached skill level 5 in Armour
  3056 | D:4      | Reached skill level 5 in Shields
  3154 | D:4      | Noticed Duvessa
  3156 | D:4      | Noticed Dowan
  3167 | D:4      | Killed Dowan
  3167 | D:4      | Reached XP level 8. HP: 25/73 MP: 8/8
  3172 | D:4      | Slain by Duvessa

Skill      XL: |  1  2  3  4  5  6  7 |
---------------+----------------------+-----
Axes           | 3 5 6 7 |  7.2
Fighting       | 4 5 6 7 |  7.0
Armour         | 4 5 |  5.0
Shields        | 4 5 |  5.0

Action                   |  1- 3 |  4- 6 |  7- 9 || total
-------------------------+-------+-------+-------++-------
Melee: War axe           |    94 |   154 |    73 ||   321
       Hand axe          |       |       |    16 ||    16
Invok: Convert to Beogh  |       |       |     1 ||     1
  Use: Potion            |       |     1 |     4 ||     5
  Eat: Ration            |     1 |     1 |     1 ||     3
Armor: Scale mail        |    49 |    99 |    59 ||   207
Dodge: Dodged            |    36 |    53 |    22 ||   111
Block: Shield            |    53 |    94 |    56 ||   203
